Map: Alcyone LE

Players

GunGFuBanDa

  • Race: Protoss Protoss
  • League: Master
  • Spawn Location: 1:00

CoffeeAme - Winner!

  • Race: Terran Terran
  • League: Master
  • Spawn Location: 7:00

VOD

Have the link to the VOD?

Description

Time

  • Played on: Dec. 18, 2023, 2:25 p.m.
  • Length: 17:45
Show
View Real Time Build Order
Export as new Build Order

GunGFuBanDa Protoss 

Build Orders: 1 Gate Expand, Phoenix Opening 

Get SALT Encoding   

  12  0:00  Probe  
  13  0:12  Probe  
  14  0:17  Pylon  
  14  0:24  Probe (Chrono Boost)  
  16  0:36  Gateway, Probe (Chrono Boost)  
  16  0:43  Probe (Chrono Boost)  
  16  0:45  Assimilator  
  17  0:51  Probe  
  18  1:03  Probe  
  19  1:17  Nexus  
  19  1:27  Cybernetics Core  
  19  1:30  Probe  
  20  1:39  Pylon  
  20  1:43  Probe  
  21  1:47  Assimilator  
  21  1:55  Probe  
  21  2:01  Adept (Chrono Boost)  
  22  2:07  Probe (Chrono Boost)  
  25  2:14  Stargate  
  25  2:18  Probe (Chrono Boost)  
  25  2:22  Probe (Chrono Boost)  
  26  2:23  Adept  
  26  2:29  Warp Gate  
  29  2:31  Probe  
  29  2:33  Probe  
  31  2:44  Probe (Chrono Boost)  
  32  2:47  Probe (Chrono Boost)  
  33  2:55  Pylon  
  33  2:56  Probe (Chrono Boost)  
  33  2:58  Phoenix (Chrono Boost)  
  37  3:02  Probe (Chrono Boost)  
  37  3:03  Probe (Chrono Boost)  
  37  3:05  Adept  
  40  3:10  Probe x2  
  42  3:20  Phoenix (Chrono Boost)  
  42  3:22  Probe  
  42  3:25  Gateway  
  42  3:27  Probe  
  46  3:40  Phoenix (Chrono Boost)  
  47  3:45  Probe  
  44  3:50  Probe  
  45  3:57  Assimilator, Probe  
  45  4:00  Phoenix (Chrono Boost)  
  45  4:02  Probe  
  49  4:06  Robotics Facility  
  49  4:08  Pylon  
  49  4:09  Probe  
  50  4:14  Probe  
  51  4:22  Probe  
  52  4:25  Assimilator  
  52  4:26  Probe  
  52  4:28  Phoenix  
  55  4:34  Probe  
  57  4:38  Probe  
  55  4:49  Sentry  
  55  4:52  Shield Battery  
  59  4:55  Immortal (Chrono Boost)  
  61  5:01  Pylon  
  61  5:03  Pylon  
  61  5:12  Probe  
  62  5:14  Pylon  
  62  5:15  Nexus  
  62  5:16  Shield Battery  
  62  5:19  Phoenix  
  62  5:20  Robotics Bay  
  64  5:23  Adept x2  
  64  5:25  Probe  
  69  5:31  Immortal (Chrono Boost)  
  72  5:48  Stalker, Zealot  
  76  5:50  Probe  
  76  5:52  Phoenix, Pylon  
  79  6:03  Probe  
  80  6:04  Pylon  
  80  6:05  Pylon  
  85  6:18  Stalker  
  85  6:19  Stalker  
  85  6:24  Pylon  
  89  6:29  Colossus (Chrono Boost)  
  85  6:51  Probe  
  85  6:52  Extended Thermal Lance  
  85  7:02  Nexus  
  85  7:04  Probe (Chrono Boost)  
  85  7:05  Twilight Council, Pylon  
  85  7:06  Forge, Probe (Chrono Boost)  
  86  7:10  Shield Battery  
  86  7:13  Probe (Chrono Boost)  
  88  7:15  Probe (Chrono Boost)  
  88  7:18  Probe (Chrono Boost)  
  88  7:21  Gateway, Colossus (Chrono Boost)  
  88  7:22  Gateway  
  89  7:25  Probe  
  96  7:32  Charge, Probe  
  97  7:37  Probe  
  97  7:38  Assimilator  
  97  7:40  Sentry  
  97  7:44  Probe  
  101  7:49  Probe  
  102  7:57  Protoss Ground Weapons Level 1 (Chrono Boost)  
  102  8:00  Probe  
  102  8:01  Probe, Pylon  
  104  8:06  Photon Cannon  
  104  8:09  Shield Battery  
  104  8:10  Gateway  
  104  8:11  Pylon  
  104  8:12  Observer (Chrono Boost)  
  93  8:16  Probe  
  93  8:19  Probe x2  
  96  8:25  Observer  
  91  8:28  Probe  
  91  8:31  Probe  
  84  8:38  Zealot x2  
  84  8:39  Zealot  
  90  8:48  Observer  
  90  8:53  Probe  
  87  8:59  Probe  
  87  9:01  Probe  
  88  9:07  Colossus (Chrono Boost)  
  94  9:22  Zealot x4  
  102  9:31  Probe  
  90  9:40  Probe x2  
  90  9:43  Observer  
  89  9:45  Zealot x2  
  90  9:53  Colossus  
  90  9:55  Probe (Chrono Boost)  
  90  9:56  Probe (Chrono Boost)  
  90  9:57  Probe (Chrono Boost)  
  99  10:05  Probe (Chrono Boost)  
  99  10:06  Probe x2 (Chrono Boost)  
  102  10:11  Probe x2 (Chrono Boost)  
  102  10:12  Zealot x3, Probe (Chrono Boost)  
  111  10:16  Protoss Ground Weapons Level 2 (Chrono Boost)  
  111  10:21  Probe  
  111  10:26  Probe (Chrono Boost)  
  111  10:27  Probe (Chrono Boost)  
  114  10:29  Pylon  
  114  10:33  Probe (Chrono Boost)  
  115  10:41  Pylon  
  115  10:43  Templar Archives  
  115  10:44  Probe (Chrono Boost)  
  115  10:45  Probe x2 (Chrono Boost)  
  116  10:51  Probe (Chrono Boost), Photon Cannon  
  116  10:52  Probe (Chrono Boost)  
  116  10:54  Blink  
  118  10:58  Warp Prism (Chrono Boost)  
  118  11:03  Probe  
  121  11:07  Gateway, Probe x2  
  121  11:10  Gateway  
  123  11:18  Shield Battery  
  123  11:20  Photon Cannon  
  123  11:31  Immortal  
  127  11:37  High Templar x4  
  127  11:39  Probe  
  137  11:40  Probe  
  137  11:41  Probe  
  137  11:43  Pylon  
  137  11:44  Assimilator  
  137  11:45  Archon x2  
  138  11:53  Pylon  
  138  11:54  Shield Battery, Pylon  
  138  11:59  Gateway  
  138  12:09  Disruptor (Chrono Boost)  
  138  12:15  Zealot x6  
  150  12:23  Probe  
  150  12:29  Probe  
  150  12:31  Gateway  
  150  12:32  Gateway  
  150  12:35  Dark Shrine  
  150  12:36  Immortal (Chrono Boost)  
  148  12:41  Stalker x2  
  148  12:42  Stalker x3  
  148  13:06  Disruptor (Chrono Boost)  
  148  13:08  Protoss Ground Weapons Level 3 (Chrono Boost)  
  148  13:11  Pylon  
  152  13:13  Zealot x2  
  152  13:14  Stalker  
  152  13:15  Stalker x4  
  164  13:43  Robotics Facility, Nexus  
  164  13:44  Observer (Chrono Boost)  
  164  13:49  Probe  
  164  13:50  Forge, Probe  
  164  13:52  Probe  
  164  13:54  Dark Templar x2  
  171  13:58  Dark Templar  
  171  14:08  Probe x2  
  177  14:10  Shield Battery  
  155  14:26  Pylon x2  
  151  14:33  Protoss Ground Armor Level 1 (Chrono Boost)  
  151  14:34  Probe x3  
  151  14:37  Photon Cannon  
  154  14:40  Nexus  
  154  14:42  Pylon  
  152  14:46  Probe x2  
  152  14:47  Probe  
  153  14:58  Probe  
  153  15:01  Robotics Facility, Observer (Chrono Boost)  
  151  15:11  Zealot x7  
  161  15:23  Immortal  
  161  15:24  Probe x2  
  167  15:30  Gateway x2  
  167  15:41  Robotics Bay  
  166  15:59  Probe (Chrono Boost)  
  170  16:04  Probe (Chrono Boost)  
  170  16:06  Probe x2 (Chrono Boost)  
  170  16:07  Observer  
  170  16:08  Probe (Chrono Boost)  
  170  16:10  High Templar x3  
  170  16:11  High Templar x3  
  176  16:12  Zealot x3  
  176  16:16  Archon x2  
  176  16:17  Archon  
  184  16:21  Probe  
  183  16:29  Probe x2  
  183  16:57  Pylon  
  121  17:24  Stalker x7  
Show
View Real Time Build Order
Export as new Build Order

CoffeeAme Terran - Winner!

Build Orders:  

Get SALT Encoding   

  12  0:00  SCV  
  13  0:12  SCV  
  14  0:16  Supply Depot  
  14  0:24  SCV  
  15  0:38  SCV  
  15  0:39  Barracks  
  16  0:42  Refinery  
  16  0:50  SCV  
  16  0:52  Refinery  
  17  1:02  SCV  
  18  1:14  SCV  
  19  1:26  Orbital Command, Reaper  
  20  1:34  Supply Depot  
  20  1:42  Factory  
  20  1:52  SCV  
  21  1:58  Barracks Reactor  
  21  2:04  SCV  
  22  2:14  Command Center  
  22  2:16  SCV  
  23  2:25  Hellion  
  23  2:28  SCV  
  26  2:35  Reaper x2  
  28  2:37  Supply Depot  
  28  2:45  SCV  
  28  2:48  Hellion  
  31  2:52  Starport  
  31  2:59  SCV  
  32  3:09  Marine x2  
  32  3:10  Factory Tech Lab  
  32  3:11  SCV  
  35  3:21  Refinery  
  35  3:23  SCV  
  36  3:27  Orbital Command  
  36  3:29  Siege Tank  
  39  3:36  Marine x2  
  41  3:46  SCV  
  35  3:48  Viking  
  35  3:53  SCV  
  35  3:54  Marine x2  
  40  4:01  SCV, Cyclone  
  43  4:05  SCV  
  44  4:11  Marine  
  44  4:12  Supply Depot, Marine  
  44  4:16  SCV  
  48  4:17  SCV  
  48  4:19  Liberator  
  51  4:26  Supply Depot  
  51  4:28  SCV  
  51  4:29  SCV  
  53  4:31  Supply Depot  
  53  4:33  Siege Tank  
  53  4:35  Marine x2  
  57  4:40  SCV  
  57  4:45  SCV  
  58  4:49  Supply Depot  
  58  4:52  SCV  
  59  4:54  Marine x2, Barracks  
  59  4:57  SCV  
  62  5:03  Starport Tech Lab, Barracks  
  62  5:09  SCV x2  
  62  5:13  Engineering Bay  
  63  5:14  Marine x2  
  66  5:21  SCV  
  66  5:28  SCV  
  67  5:32  Starport Reactor, Factory Reactor  
  67  5:33  SCV  
  67  5:34  Supply Depot  
  68  5:35  Marine  
  68  5:40  SCV  
  70  5:45  SCV  
  69  5:50  Terran Infantry Weapons Level 1  
  69  5:52  SCV  
  69  5:53  Stimpack  
  70  5:57  SCV  
  70  6:02  Combat Shield, Marine x4  
  73  6:06  SCV  
  73  6:09  SCV  
  74  6:11  Supply Depot  
  73  6:21  Marine x2, Marauder x2  
  73  6:25  SCV x2  
  81  6:28  Refinery, Widow Mine x2  
  81  6:31  Medivac x2  
  86  6:46  Marine x2, Marauder x2  
  84  6:47  SCV  
  84  6:52  Supply Depot  
  73  6:55  Armory  
  73  6:58  Widow Mine x2  
  77  7:04  Medivac x2  
  77  7:06  Marine  
  77  7:07  Marauder  
  84  7:14  Marauder  
  86  7:21  Command Center  
  86  7:30  Widow Mine  
  86  7:31  Marine x2, Widow Mine  
  86  7:34  Concussive Shells, Marauder, Medivac x2  
  99  7:37  SCV x2  
  99  7:41  Marauder  
  101  7:51  Barracks, Terran Infantry Armor Level 1  
  101  7:52  Barracks  
  100  7:59  Marauder  
  100  8:03  Marauder  
  100  8:05  Marine x2  
  106  8:12  SCV x2  
  108  8:15  Widow Mine  
  108  8:17  Medivac  
  110  8:31  SCV x2, Marine x2  
  110  8:32  Marauder, Widow Mine  
  110  8:33  Marauder, Medivac  
  109  8:53  Marauder  
  109  8:54  Marine x2  
  109  8:55  Marauder  
  113  8:56  Barracks Tech Lab, Barracks Reactor  
  113  9:02  SCV x2  
  109  9:04  Medivac x2  
  109  9:06  Widow Mine x2  
  117  9:14  Marauder  
  117  9:15  Supply Depot, Ghost Academy  
  117  9:16  Supply Depot, Marine x2, Marauder  
  123  9:19  Marauder  
  123  9:22  Refinery  
  121  9:36  Marauder  
  121  9:37  Marauder  
  116  9:38  Marine x3  
  116  9:40  Widow Mine x2  
  106  9:46  Ghost  
  106  9:52  SCV x2  
  108  9:54  Orbital Command  
  108  9:56  Ghost, Missile Turret  
  108  9:57  Marine x2  
  108  9:58  Ghost  
  108  9:59  Missile Turret  
  112  10:02  Viking x2  
  112  10:05  Marine x2  
  112  10:06  Terran Infantry Weapons Level 2  
  116  10:16  Marine  
  116  10:17  Marine  
  117  10:22  Ghost  
  117  10:24  Supply Depot  
  119  10:31  Marine  
  117  10:38  Viking x2  
  117  10:39  Marauder x2  
  117  10:40  SCV x2  
  127  10:47  Widow Mine x2  
  127  10:49  Marine x4  
  134  10:51  Command Center  
  134  10:56  Ghost  
  136  10:57  Engineering Bay  
  136  10:59  SCV  
  136  11:00  SCV x2, Ghost  
  136  11:02  Refinery  
  141  11:05  Marauder  
  143  11:11  Viking x2  
  143  11:12  SCV  
  143  11:13  SCV  
  149  11:25  Marauder  
  145  11:30  Marine x2  
  145  11:31  Marine x2, Marauder  
  145  11:32  Marauder  
  152  11:42  Terran Infantry Armor Level 2  
  152  11:46  SCV x2, Marauder  
  152  11:47  SCV, Barracks  
  157  11:49  Barracks x2  
  157  12:03  Marine x4  
  157  12:05  Supply Depot  
  161  12:12  Marauder  
  161  12:18  Marine x2  
  161  12:21  Marine  
  161  12:29  Viking x2  
  165  12:30  SCV x2  
  167  12:40  Barracks Tech Lab x2, Barracks Reactor  
  164  12:45  Planetary Fortress  
  164  12:51  Sensor Tower  
  164  12:56  SCV  
  164  12:57  SCV  
  164  13:01  Fusion Core, Liberator x2, Starport  
  170  13:08  SCV  
  170  13:09  SCV  
  170  13:10  Missile Turret  
  172  13:28  Marauder x4  
  172  13:30  Supply Depot  
  172  13:31  Supply Depot  
  176  13:44  Terran Ship Weapons Level 1  
  176  13:45  Supply Depot  
  176  13:46  Supply Depot  
  176  13:47  Supply Depot  
  176  13:52  Marauder  
  176  13:55  SCV x3  
  181  13:56  SCV, Advanced Ballistics  
  181  14:04  Refinery  
  181  14:05  Refinery  
  180  14:21  Medivac x4  
  175  14:42  Ghost x3  
  181  14:46  Missile Turret  
  181  14:49  SCV x3  
  181  14:50  Liberator  
  181  14:51  Liberator  
  189  15:03  Ghost x2  
  182  15:13  Command Center  
  171  15:27  SCV x2  
  171  15:28  SCV  
  178  15:37  Liberator x4  
  182  15:43  Marauder x4  
  186  16:00  Marauder  
  188  16:04  Marauder x2  
  186  16:13  Missile Turret  
  186  16:16  Marine x5, Marauder x2  
  194  16:22  SCV, Marauder  
  181  17:02  Marauder  
  181  17:03  Marauder x2  
  190  17:22  Marine x3  
  172  17:25  Marine x3  
Tags
 
Add a new tag
Caveats
  • Supply blocks, unpowered buildings, or Contaminate may cause inaccurate times.
  • Supply counts are checked every 10 seconds.